AoeStats
← ojrguio

Arena

510450097Analyzed
3v3 RM · 1d ago on Oct 1, 2026· 18m 16s· 6 players
Game mode
Random Map
Map size
Normal (6 player)
Population
200
Speed
Normal
Resources
Standard
Victory
Conquest
Starting age
Dark Age
Ending age
Imperial Age
RankedLock teamsTeams togetherTeam positionsShared explorationLock speedFull tech treeHidden civsTurbo modeCheats
Victory
Defeat
🇺🇸 Turks · United States
1172
+13
🇺🇸 Varangians · United States
1123
+16
🇺🇸 Spanish · United States
1119
+15
🇨🇴 Persians · Colombia
1112
-14
🇨🇴 Turks · Colombia
1112
-15
🇨🇴 Lithuanians · Colombia
1106
-15
Atomic Kipachaka
10:16 Feudal Age
14:02 Castle Age
12:26 Double-Bit Axe
13:22 Horse Collar
14:55 Bow Saw
cm2of4
10:45 Feudal Age
14:30 Castle Age
12:43 Loom
Dimolition Man
13:13 Feudal Age
13:39 Horse Collar
13:49 Double-Bit Axe
17:45 Castle Age
ojrguio
10:09 Feudal Age
14:53 Castle Age
12:55 Double-Bit Axe
13:02 Horse Collar
15:56 Wheelbarrow
15:09 Loom
16:00 Wheelbarrow
caaruizma
11:48 Feudal Age
13:33 Double-Bit Axe
16:27 Castle Age
cfosorioq
10:25 Feudal Age
12:42 Loom
13:30 Bloodlines
15:54 Castle Age
Connection lost

Rejoining the realm…

Still unreachable

The connection could not be restored.

Session expired

The server has moved on; the page needs a fresh start.